SAA
LAKE MINNETONKA LOVE BOATS @ ITHACA FIGHTING IMPS
08/16/2038
 
TOP OF THE 1ST
Lake Minnetonka Love Boats batting - Pitching for Ithaca Fighting Imps : RHP Alfredo Rodríguez
Pitching: RHP Alfredo Rodríguez
Batting: LHB Arto Toikka 0-0: Called Strike
0-1: DOUBLE (Flyball, 8LD, EV 88.1 MPH)
Batting: RHB António Amaya 0-0: Ball
1-0: Ball
2-0: Ball
3-0: Called Strike
3-1: Base on Balls
Batting: LHB Alfredo Garza 0-0: Fielders Choice at 2nd, 1-4 (Groundball, 15, EV 86.2 MPH)
Arto Toikka to third
Batting: LHB Braxton Cottongame 0-0: Swinging Strike
0-1: Foul Ball, location: 2F
0-2: DOUBLE (Line Drive, 89XD, EV 99.4 MPH)
Arto Toikka scores
Alfredo Garza to third
Batting: RHB Alfonso Cabedo 0-0: Called Strike
0-1: Ball
1-1: Foul Ball, location: 2F
1-2: Ball
2-2: Ball
3-2: Fly out, F9 (Flyball, 9LS, EV 82.5 MPH)
Batting: LHB Bill Kirby 0-0: Called Strike
0-1: Called Strike
0-2: Ball
1-2: Foul Ball, location: 2F
1-2: Foul Ball, location: 2F
1-2: TRIPLE (Flyball, 9LD, EV 103.1 MPH)
Alfredo Garza scores
Braxton Cottongame scores
Pinch Runner at 3rd Tso-lin Shuo:
Batting: LHB Kyle Mullens 0-0: SINGLE (Line Drive, 7S, EV 89.4 MPH)
Tso-lin Shuo scores
Batting: SHB Celio Guimaraens 0-0: Foul Ball, location: 2F
0-1: Ball
1-1: Ball
Passed Ball!
Kyle Mullens to second
2-1: Ground out 4-3 (Groundball, 4, EV 81.2 MPH)
Top of the 1st over - 4 runs, 4 hits, 0 errors, 1 left on base; Lake Minnetonka 4 - Ithaca 0
BOTTOM OF THE 1ST
Ithaca Fighting Imps batting - Pitching for Lake Minnetonka Love Boats : RHP Jin-soo Jan-Hui
Pitching: RHP Jin-soo Jan-Hui
Now in CF: Wilton Maynard
Batting: RHB Jimmy Robinson 0-0: Swinging Strike
0-1: Ball
1-1: Foul Ball, location: 2F
1-2: Ball
2-2: Strikes out swinging
Batting: RHB Nelson Rivera 0-0: Swinging Strike
0-1: Ball
1-1: Called Strike
1-2: Foul Ball, location: 2F
1-2: Fly out, F9 (Line Drive, 9, EV 92.5 MPH)
Batting: RHB Graeme Dormer 0-0: Fly out, F4 (Popup, 4D, EV 55.6 MPH)
Bottom of the 1st over - 0 runs, 0 hits, 0 errors, 0 left on base; Lake Minnetonka 4 - Ithaca 0
TOP OF THE 2ND
Lake Minnetonka Love Boats batting - Pitching for Ithaca Fighting Imps : RHP Alfredo Rodríguez
Batting: LHB Frans Boone 0-0: Called Strike
0-1: Swinging Strike
0-2: Ball
1-2: Reached on error, E6 (Groundball, 6, EV 81.9 MPH)
Batting: LHB Arto Toikka 0-0: Ball
1-0: Called Strike
1-1: Fielders Choice at 2nd, 1-4 (Groundball, 15S, EV 67.5 MPH)
Batting: RHB António Amaya 0-0: Ball
Arto Toikka steals 2nd base
1-0: Fly out, F4 (Popup, 4M, EV 64.4 MPH)
Batting: LHB Alfredo Garza 0-0: Called Strike
0-1: Foul Ball, location: 2F
0-2: Ball
1-2: Fly out, F8 (Flyball, 8RM, EV 81.2 MPH)
Top of the 2nd over - 0 runs, 0 hits, 1 error, 1 left on base; Lake Minnetonka 4 - Ithaca 0
BOTTOM OF THE 2ND
Ithaca Fighting Imps batting - Pitching for Lake Minnetonka Love Boats : RHP Jin-soo Jan-Hui
Batting: LHB Donald McJannett 0-0: Called Strike
0-1: Ball
1-1: Swinging Strike
1-2: Ground out 4-3 (Groundball, 4S, EV 85.6 MPH)
Batting: LHB Ewan Manshert 0-0: Ball
1-0: Ball
2-0: Swinging Strike
2-1: Called Strike
2-2: Ball
3-2: Base on Balls
Batting: RHB Jean Couturier 0-0: Ball
1-0: Foul Ball, location: 2F
1-1: Ball
2-1: Called Strike
2-2: Foul Ball, location: 2F
2-2: Ball
3-2: Foul Ball, location: 2F
3-2: Base on Balls
Ewan Manshert to second
Batting: SHB Alaska Abney 0-0: Called Strike
0-1: Ball
1-1: Ball
2-1: Swinging Strike
2-2: Strikes out looking
Batting: RHB Brant Fields 0-0: Ball
1-0: Foul Ball, location: 2F
1-1: Called Strike
1-2: Foul Ball, location: 2F
1-2: Ground out U3 (Groundball, 3, EV 84.4 MPH)
Bottom of the 2nd over - 0 runs, 0 hits, 0 errors, 2 left on base; Lake Minnetonka 4 - Ithaca 0
TOP OF THE 3RD
Lake Minnetonka Love Boats batting - Pitching for Ithaca Fighting Imps : RHP Alfredo Rodríguez
Batting: LHB Braxton Cottongame 0-0: SINGLE (Line Drive, 4MD, EV 93.8 MPH)
Batting: RHB Alfonso Cabedo 0-0: Called Strike
0-1: Foul Ball, location: 2F
0-2: DOUBLE (Line Drive, 78D, EV 102.5 MPH)
Braxton Cottongame to third
Batting: LHB Wilton Maynard 0-0: Called Strike
0-1: Ball
1-1: Called Strike
1-2: Ball
2-2: Ball
3-2: Ground out 4-3 (Groundball, 4, EV 104.4 MPH)
Braxton Cottongame scores
Alfonso Cabedo to third
Batting: LHB Kyle Mullens 0-0: Ball
1-0: Ball
2-0: Ball
3-0: Called Strike
3-1: Base on Balls
Batting: SHB Celio Guimaraens 0-0: Grounds into double play, 4-6-3 (Groundball, 4, EV 89.4 MPH)
Top of the 3rd over - 1 run, 2 hits, 0 errors, 1 left on base; Lake Minnetonka 5 - Ithaca 0
BOTTOM OF THE 3RD
Ithaca Fighting Imps batting - Pitching for Lake Minnetonka Love Boats : RHP Jin-soo Jan-Hui
Batting: RHB J.J. Holmes 0-0: Ball
1-0: Called Strike
1-1: Called Strike
1-2: Ball
2-2: DOUBLE (Line Drive, 9LS, EV 108.1 MPH)
Batting: RHB Jimmy Robinson 0-0: Reached on error, E5 (Groundball, 56, EV 105.0 MPH)
J.J. Holmes to third
Batting: RHB Nelson Rivera 0-0: Ball
1-0: Foul Ball, location: 2F
1-1: Ball
2-1: Grounds into double play, 5-4-3 (Groundball, 56S, EV 83.8 MPH)
J.J. Holmes scores
Batting: RHB Graeme Dormer 0-0: Ball
1-0: Fly out, F8 (Flyball, 8LS, EV 86.9 MPH)
Bottom of the 3rd over - 1 run, 1 hit, 1 error, 0 left on base; Lake Minnetonka 5 - Ithaca 1
TOP OF THE 4TH
Lake Minnetonka Love Boats batting - Pitching for Ithaca Fighting Imps : RHP Alfredo Rodríguez
Batting: LHB Frans Boone 0-0: Called Strike
0-1: Foul Ball, location: 2F
0-2: Strikes out swinging
Batting: LHB Arto Toikka 0-0: Foul Ball, location: 2F
0-1: SINGLE (Line Drive, 7S, EV 100.0 MPH)
Batting: RHB António Amaya 0-0: Called Strike
Arto Toikka steals 2nd base
0-1: Foul Ball, location: 2F
0-2: Ball
1-2: Ground out U3 (Groundball, 34, EV 77.5 MPH)
Arto Toikka to third
Batting: LHB Alfredo Garza 0-0: Ball
1-0: 2-RUN HOME RUN (Flyball, 9LD, EV 104.4 MPH), Distance : 331 ft
Pitching: LHP Randy Nixon
Batting: LHB Braxton Cottongame 0-0: Ball
1-0: Ball
2-0: SINGLE (Line Drive, 89S, EV 90.0 MPH)
Batting: RHB Alfonso Cabedo 0-0: Called Strike
0-1: Ball
1-1: SINGLE (Groundball, 6MD, EV 110.6 MPH)
Braxton Cottongame to second
Batting: LHB Wilton Maynard 0-0: Called Strike
0-1: Ball
1-1: Ball
2-1: Called Strike
2-2: Fly out, F5 (Popup, 5SF, EV 73.8 MPH)
Top of the 4th over - 2 runs, 4 hits, 0 errors, 2 left on base; Lake Minnetonka 7 - Ithaca 1
BOTTOM OF THE 4TH
Ithaca Fighting Imps batting - Pitching for Lake Minnetonka Love Boats : RHP Jin-soo Jan-Hui
Batting: LHB Donald McJannett 0-0: Foul Ball, location: 2F
0-1: SINGLE (Line Drive, 7S, EV 91.9 MPH)
Batting: LHB Ewan Manshert 0-0: Ball
1-0: Ball
2-0: Called Strike
2-1: Ball
3-1: Fly out, F7 (Flyball, 7S, EV 80.6 MPH)
Batting: RHB Jean Couturier 0-0: Called Strike
0-1: Ball
1-1: Foul Ball, location: 2F
1-2: Ball
2-2: Foul Ball, location: 2F
2-2: Ball
3-2: Foul Ball, location: 2F
3-2: Base on Balls
Donald McJannett to second
Batting: SHB Alaska Abney 0-0: Foul Ball, location: 2F
0-1: Foul Ball, location: 2F
0-2: Strikes out swinging
Batting: RHB Brant Fields 0-0: Called Strike
0-1: Ground out 5-3 (Groundball, 56S, EV 82.5 MPH)
Bottom of the 4th over - 0 runs, 1 hit, 0 errors, 2 left on base; Lake Minnetonka 7 - Ithaca 1
TOP OF THE 5TH
Lake Minnetonka Love Boats batting - Pitching for Ithaca Fighting Imps : LHP Randy Nixon
Batting: LHB Kyle Mullens 0-0: Ball
1-0: Foul Ball, location: 2F
1-1: Foul Ball, location: 2F
1-2: Reached on error, E5 (Groundball, 56, EV 105.6 MPH)
Batting: SHB Celio Guimaraens 0-0: Swinging Strike
0-1: SINGLE (Groundball, 6MD, EV 104.4 MPH)
Kyle Mullens to second
Batting: LHB Frans Boone 0-0: Ball
1-0: Ball
2-0: Swinging Strike
2-1: Reached on error, E8 (Flyball, 78M, EV 89.4 MPH)
Kyle Mullens to third
Celio Guimaraens to second
Batting: LHB Arto Toikka 0-0: Fly out, F7 (Flyball, 7LSF, EV 85.6 MPH)
Batting: RHB António Amaya 0-0: Ball
1-0: Fly out, F9 (Flyball, 9S, EV 95.0 MPH)
Batting: LHB Alfredo Garza 0-0: Swinging Strike
0-1: Foul Ball, location: 2F
0-2: Fly out, F6 (Popup, 6MS, EV 58.8 MPH)
Top of the 5th over - 0 runs, 1 hit, 2 errors, 3 left on base; Lake Minnetonka 7 - Ithaca 1
BOTTOM OF THE 5TH
Ithaca Fighting Imps batting - Pitching for Lake Minnetonka Love Boats : RHP Jin-soo Jan-Hui
Batting: RHB J.J. Holmes 0-0: SINGLE (Line Drive, 6MD, EV 110.6 MPH)
Batting: RHB Jimmy Robinson 0-0: SINGLE (Groundball, 5S, EV 65.6 MPH) (infield hit)
J.J. Holmes to second
Batting: RHB Nelson Rivera 0-0: Ball
1-0: Ball
2-0: Foul Ball, location: 2F
2-1: Fly out, F7 (Flyball, 7, EV 87.5 MPH)
Batting: RHB Graeme Dormer 0-0: Called Strike
0-1: Foul Ball, location: 2F
0-2: 3-RUN HOME RUN (Line Drive, 7D, EV 109.4 MPH), Distance : 386 ft
Batting: LHB Donald McJannett 0-0: Swinging Strike
0-1: Ball
1-1: Foul Ball, location: 2F
1-2: Foul Ball, location: 2F
1-2: Ball
2-2: Ball
3-2: SINGLE (Groundball, 3D, EV 100.6 MPH)
Batting: LHB Ewan Manshert 0-0: Called Strike
0-1: Ball
1-1: Ball
2-1: Ball
3-1: Base on Balls
Donald McJannett to second
Batting: RHB Jean Couturier 0-0: Foul Ball, location: 2F
0-1: Foul Ball, location: 2F
0-2: Ball
1-2: Strikes out swinging
Batting: SHB Alaska Abney 0-0: Fly out, F7 (Flyball, 78D, EV 91.2 MPH)
Bottom of the 5th over - 3 runs, 4 hits, 0 errors, 2 left on base; Lake Minnetonka 7 - Ithaca 4
TOP OF THE 6TH
Lake Minnetonka Love Boats batting - Pitching for Ithaca Fighting Imps : LHP Randy Nixon
Batting: LHB Braxton Cottongame 0-0: Ball
1-0: Ball
2-0: DOUBLE (Flyball, 8RXD, EV 106.9 MPH)
Batting: RHB Alfonso Cabedo 0-0: Called Strike
0-1: Ball
1-1: Ball
2-1: Fly out, F9 (Flyball, 9D, EV 100.6 MPH)
Runner from 2nd tags up, SAFE at 3rd, no throw by RF
Batting: LHB Wilton Maynard 0-0: Called Strike
0-1: SINGLE (Flyball, 8RS, EV 87.5 MPH)
Braxton Cottongame scores
Batting: LHB Kyle Mullens 0-0: Called Strike
0-1: Ball
1-1: Ball
2-1: Foul Ball, location: 2F
2-2: Ball
3-2: Foul Ball, location: 2F
3-2: Fly out, F9 (Flyball, 9, EV 90.0 MPH)
Batting: SHB Celio Guimaraens 0-0: Reached on error, E9 (Flyball, 9, EV 93.8 MPH)
Wilton Maynard to third
Batting: LHB Frans Boone 0-0: Ball
1-0: Swinging Strike
1-1: Ball
2-1: Fly out, F6 (Popup, 4MS, EV 73.1 MPH)
Top of the 6th over - 1 run, 2 hits, 1 error, 2 left on base; Lake Minnetonka 8 - Ithaca 4
BOTTOM OF THE 6TH
Ithaca Fighting Imps batting - Pitching for Lake Minnetonka Love Boats : RHP Jin-soo Jan-Hui
Batting: RHB Brant Fields 0-0: Ball
1-0: Swinging Strike
1-1: Ground out 1-3 (Groundball, 13, EV 70.0 MPH)
Batting: RHB J.J. Holmes 0-0: Fly out, F7 (Flyball, 7LM, EV 93.8 MPH)
Batting: RHB Jimmy Robinson 0-0: Ball
1-0: Called Strike
1-1: Ball
2-1: Ground out 5-3 (Groundball, 56, EV 85.0 MPH)
Bottom of the 6th over - 0 runs, 0 hits, 0 errors, 0 left on base; Lake Minnetonka 8 - Ithaca 4
TOP OF THE 7TH
Lake Minnetonka Love Boats batting - Pitching for Ithaca Fighting Imps : LHP Randy Nixon
Batting: LHB Arto Toikka 0-0: Ball
1-0: Ground out 5-3 (Groundball, 56, EV 87.5 MPH)
Batting: RHB António Amaya 0-0: SOLO HOME RUN (Flyball, 78XD, EV 108.8 MPH), Distance : 399 ft
Batting: LHB Alfredo Garza 0-0: Called Strike
0-1: Fly out, F6 (Popup, 6MD, EV 55.6 MPH)
Batting: LHB Braxton Cottongame 0-0: Swinging Strike
0-1: SINGLE (Line Drive, 7LM, EV 90.0 MPH)
Pitching: RHP Dominic Raymond
Batting: RHB Alfonso Cabedo 0-0: Ball
1-0: Called Strike
1-1: Ball
2-1: Called Strike
2-2: Ball
3-2: Fly out, F4 (Popup, 4, EV 58.1 MPH)
Top of the 7th over - 1 run, 2 hits, 0 errors, 1 left on base; Lake Minnetonka 9 - Ithaca 4
BOTTOM OF THE 7TH
Ithaca Fighting Imps batting - Pitching for Lake Minnetonka Love Boats : RHP Jin-soo Jan-Hui
Pitching: RHP Ramón Solís
Batting: RHB Nelson Rivera 0-0: Called Strike
0-1: Ball
1-1: Swinging Strike
1-2: Strikes out swinging
Batting: RHB Graeme Dormer 0-0: Called Strike
0-1: Ground out 5-3 (Groundball, 56S, EV 87.5 MPH)
Batting: LHB Donald McJannett 0-0: SINGLE (Groundball, 4MD, EV 104.4 MPH)
Batting: LHB Ewan Manshert 0-0: Foul Ball, location: 2F
0-1: Ground out U3 (Groundball, 3, EV 82.5 MPH)
Bottom of the 7th over - 0 runs, 1 hit, 0 errors, 1 left on base; Lake Minnetonka 9 - Ithaca 4
TOP OF THE 8TH
Lake Minnetonka Love Boats batting - Pitching for Ithaca Fighting Imps : RHP Dominic Raymond
Batting: LHB Wilton Maynard 0-0: Ball
1-0: Called Strike
1-1: Ball
2-1: Ball
3-1: Called Strike
3-2: Foul Ball, location: 2F
3-2: Base on Balls
Batting: LHB Kyle Mullens 0-0: Ball
1-0: Ball
2-0: Ball
3-0: Base on Balls
Wilton Maynard to second
Batting: SHB Celio Guimaraens 0-0: Ball
1-0: Ball
2-0: Called Strike
2-1: SINGLE (Flyball, 3D, EV 84.4 MPH)
Wilton Maynard to third
Kyle Mullens to second
Batting: LHB Frans Boone 0-0: Foul Ball, location: 2F
0-1: Grounds into double play, 4-6-3 (Groundball, 4, EV 81.9 MPH)
Wilton Maynard scores
Kyle Mullens to third
Batting: LHB Arto Toikka 0-0: Ball
1-0: Ball
2-0: Called Strike
2-1: SINGLE (Line Drive, 56, EV 108.1 MPH)
Kyle Mullens scores
Batting: RHB António Amaya 0-0: Called Strike
Arto Toikka steals 2nd base
0-1: Ball
1-1: Ground out 4-3 (Groundball, 4D, EV 86.9 MPH)
Top of the 8th over - 2 runs, 2 hits, 0 errors, 1 left on base; Lake Minnetonka 11 - Ithaca 4
BOTTOM OF THE 8TH
Ithaca Fighting Imps batting - Pitching for Lake Minnetonka Love Boats : RHP Ramón Solís
Batting: RHB Jean Couturier 0-0: Fly out, F8 (Flyball, 8RM, EV 86.2 MPH)
Batting: SHB Alaska Abney 0-0: Ball
1-0: Swinging Strike
1-1: TRIPLE (Flyball, 78XD, EV 107.5 MPH)
Batting: RHB Brant Fields 0-0: Foul Ball, location: 2F
0-1: Called Strike
0-2: Ball
1-2: Ball
2-2: DOUBLE (Line Drive, 89XD, EV 103.8 MPH)
Alaska Abney scores
Batting: RHB J.J. Holmes 0-0: Ball
1-0: Called Strike
1-1: Ball
2-1: Ball
3-1: Base on Balls
Batting: RHB Jimmy Robinson 0-0: Called Strike
0-1: Swinging Strike
0-2: Fly out, F8 (Flyball, 8LXD, EV 80.6 MPH)
Runner from 2nd tags up, SAFE at 3rd, no throw by CF
Batting: RHB Nelson Rivera 0-0: Ball
1-0: Foul Ball, location: 2F
1-1: Ball
2-1: Ball
3-1: Called Strike
3-2: Base on Balls
J.J. Holmes to second
Batting: RHB Graeme Dormer 0-0: Ball
1-0: Fly out, F7 (Flyball, 78S, EV 84.4 MPH)
Bottom of the 8th over - 1 run, 2 hits, 0 errors, 3 left on base; Lake Minnetonka 11 - Ithaca 5
TOP OF THE 9TH
Lake Minnetonka Love Boats batting - Pitching for Ithaca Fighting Imps : RHP Dominic Raymond
Pitching: LHP Jeffery Brock
Batting: LHB Alfredo Garza 0-0: Called Strike
0-1: Ball
1-1: Called Strike
1-2: Ball
2-2: SINGLE (Flyball, 7S, EV 95.0 MPH)
Batting: LHB Braxton Cottongame 0-0: Ball
1-0: Called Strike
1-1: Fly out, F7 (Flyball, 7LS, EV 88.1 MPH)
Batting: RHB Alfonso Cabedo 0-0: Fly out, F8 (Flyball, 8LS, EV 86.9 MPH)
Batting: LHB Wilton Maynard 0-0: Ball
1-0: Ball
Wild Pitch!
Alfredo Garza to second
2-0: Ball
3-0: Called Strike
3-1: Ground out U3 (Groundball, 3, EV 86.2 MPH)
Top of the 9th over - 0 runs, 1 hit, 0 errors, 1 left on base; Lake Minnetonka 11 - Ithaca 5
BOTTOM OF THE 9TH
Ithaca Fighting Imps batting - Pitching for Lake Minnetonka Love Boats : RHP Ramón Solís
Batting: LHB Donald McJannett 0-0: Fly out, F7 (Flyball, 7S, EV 86.9 MPH)
Batting: LHB Ewan Manshert 0-0: Called Strike
0-1: Called Strike
0-2: Strikes out swinging wild pitch, reaches first!
Batting: RHB Jean Couturier 0-0: Ball
1-0: Ball
2-0: Foul Ball, location: 2F
2-1: SINGLE (Groundball, 4MD, EV 95.6 MPH)
Ewan Manshert to second
Batting: SHB Alaska Abney 0-0: Grounds into double play, 3-6-3 (Groundball, 34, EV 104.4 MPH)
Bottom of the 9th over - 0 runs, 1 hit, 0 errors, 1 left on base; Lake Minnetonka 11 - Ithaca 5
Friday, April 17th, 2020 - OOTP Baseball 20.8 Build 74